Blue Jackets vs Kings

Created - 14 avril 2024 at 15:10

Goals
1 2 3 T
Blue Jackets 1 2 3 6
Kings 0 2 1 3
Shots
1 2 3 T
Blue Jackets 14 13 9 36
Kings 7 11 15 33

GoalsPenalties
1st period
1. Blue Jackets , Josh Manson 4 (Tyler Seguin 43, Nikita Kucherov 33) at 12:59
No Penalty
2nd period
2. Blue Jackets , Troy Terry 24 (Matt Duchene 26, David Krejci 25) at 12:45 (PP)
3. Kings , Sean Kuraly 15 (Christian Fischer 19, Milan Lucic 8) at 14:13
4. Blue Jackets , Nikita Kucherov 31 (David Perron 31, Filip Gustavsson) at 15:27 (PP)
5. Kings , Sean Kuraly 16 (Christian Fischer 20, Milan Lucic 9) at 19:04
Jonas Brodin (LAK) for Roughing (Minor) at 2:41
Carl Grundstrom (LAK) for Slashing (Minor) at 10:48
Alex Ovechkin (LAK) for High sticking (Minor) at 14:20
Jonas Brodin (LAK) for Slashing (Minor) at 19:16
3rd period
6. Blue Jackets , Nikita Kucherov 32 (Connor Clifton 12) at 0:12 (PP)
7. Blue Jackets , Brenden Dillon 3 (Vladislav Namestnikov 7, Dillon Dube 19) at 4:12
8. Kings , Alex Ovechkin 44 (Brian Dumoulin 22) at 10:16 (PP)
9. Blue Jackets , David Perron 27 (Connor Murphy 14) at 19:53
Erik Cernak (CLB) for Tripping (Minor) at 10:10
Nicolas Hague (CLB) for Roughing (Minor) at 11:42
Goalie Stats
Filip Gustavsson (CLB), 30 saves from 33 shots - (0,909), W, 24-18-5, 60:00 minutes
Martin Jones (LAK), 30 saves from 36 shots - (0,833), L, 10-7-2, 60:00 minutes
3 StarsOfficial
1 - Nikita Kucherov (CLB)
2 - Brenden Dillon (CLB)
3 - David Perron (CLB)
Referees : Corey Syvret and Kenny Anderson
Linesman : Kelsey Mahoney and Derek Amell
Game Note
No Game Note
Finance
Level 1 -- Attendance: 5507 (91,78%) -- Ticket Income $495,630
Level 2 -- Attendance: 4789 (95,78%) -- Ticket Income $239,450
Level 3 -- Attendance: 1916 (95,80%) -- Ticket Income $57,480
Level 4 -- Attendance: 4000 (100,00%) -- Ticket Income $40,000
Luxury Box -- Attendance: 942 (94,20%) -- Ticket Income $150,720
Game was played at the Hollywood Garden.
Total Attendance: 17154 (95,30%)
Total Ticket Income: $983,280
Other Income: $481,807
Total Income: $1,465,087



Team Name Goals Shots Shots Attemp Shots Blocked PIM HIT PP PK FO%
Blue Jackets 63671204223 / 4 (75%)156%
Kings 33382158191 / 2 (50%)344%

Blue Jackets
Player Name POS G A P +/- PIM HIT SHT SB MP PP MP PP SHT PK MP PK SHT FO% FOT GA TA
Andreas AthanasiouC/LW/RW0000011012:200:0001:14038% 800
Brandon SaadLW/RW0000011011:060:0000:0000% 000
Brenden DillonD1011051224:524:3001:2700% 001
Brett HowdenC0002031010:060:1400:2000% 000
Connor CliftonD0111010420:004:3000:3800% 000
Connor MurphyD011-1012118:481:2910:0000% 001
David KrejciC0110003116:361:5900:00069% 1600
David PerronLW/RW1121015118:343:4600:00033% 311
Dillon DubeC/LW/RW0112004010:330:1401:1400% 110
Erik CernakD000-1212619:210:0001:2100% 002
Josh MansonD1011022021:181:2900:4400% 001
Luke HughesD000000000:000:0000:0000% 000
Matt DucheneC/LW011-1005119:131:5910:3100% 011
Nicolas HagueD0001200116:060:0000:0000% 001
Nikita KucherovLW/RW213-1034121:284:0030:2000% 121
Patrick MaroonLW/RW000000000:000:0000:0000% 000
Tom WilsonRW0000021011:060:0000:0000% 010
Troy TerryC/RW1010002117:071:5910:3100% 110
Tyler SeguinC/RW011-1010020:273:4600:00063% 2700
Vladislav NamestnikovC/LW/RW011100218:520:0000:0000% 001
Kings
Player Name POS G A P +/- PIM HIT SHT SB MP PP MP PP SHT PK MP PK SHT FO% FOT GA TA
Alex GoligoskiD000-1021122:470:4403:5100% 000
Alex OvechkinLW/RW1010224119:541:1610:37233% 301
Anthony RichardC/LW000000017:230:0000:0000% 020
Artemi PanarinLW/RW0000014118:561:1600:0000% 431
Brian DumoulinD0111011122:591:2100:3600% 005
Carl GrundstromLW/RW000-121217:490:0000:0000% 000
Christian FischerC/RW0220012114:330:0003:3800% 020
Jayson MegnaC/RW000000109:070:0001:440100% 100
Jeff CarterC/RW000-1004018:090:4901:44033% 1200
Jonas BrodinD0001432224:231:2111:3200% 000
Jordan EberleC/RW000-1032016:130:4900:0000% 010
Joshua BrownD000-1020212:370:0000:0000% 000
Milan LucicLW0221000010:430:0000:0000% 000
Olli MaattaD000-1002321:340:4402:0800% 000
Sean KuralyC/LW2020023014:420:0003:38153% 1510
Tage ThompsonC/LW/RW000-1013016:130:4900:0000% 010
Tomas HertlC/LW/RW0000002119:551:1600:37050% 2200
Trevor van RiemsdykD000-1000016:000:0003:5100% 000

Blue Jackets

5 vs 5 Forward
Line #Left WingCenterRight WingPHYDFOFWanted %Time %Time Play
1Matt DucheneTyler SeguinNikita Kucherov0143533%17:21
2David PerronDavid KrejciTroy Terry0143128%14:37
3Brandon SaadAndreas AthanasiouTom Wilson0232221%11:06
4Vladislav NamestnikovDillon DubeBrett Howden0231217%8:52
5 vs 5 Defense
Line #DefenseDefensePHYDFOFWanted %Time %Time Play
1Brenden DillonJosh Manson1223836%18:56
2Connor MurphyErik Cernak1223435%17:57
3Connor CliftonNicolas Hague2212827%14:03
4Brenden DillonNicolas Hague12202%1:00
Power Play Forward
Line #Left WingCenterRight WingPHYDFOFWanted %Time %Time Play
1Nikita KucherovTyler SeguinDavid Perron1045667%4:00
2Matt DucheneDavid KrejciTroy Terry1044433%1:59
Power Play Defense
Line #DefenseDefensePHYDFOFWanted %Time %Time Play
1Brenden DillonConnor Clifton1136075%4:30
2Josh MansonConnor Murphy1134025%1:29
Penalty Kill 4 Players Forward
Line #CenterWingPHYDFOFWanted %Time %Time Play
1Andreas AthanasiouDillon Dube1406075%1:34
2Troy TerryMatt Duchene1404025%0:31
Penalty Kill 4 Players Defense
Line #DefenseDefensePHYDFOFWanted %Time %Time Play
1Brenden DillonErik Cernak1406070%1:27
2Nicolas HagueConnor Clifton1404030%0:38
Penalty Kill 3 Players
Line #WingPHYDFOFWanted %Time %Time PlayDefenseDefensePHYDFOFWanted %Time %Time Play
1Andreas Athanasiou140600%0:00 Nicolas HagueBrenden Dillon122600%0:00
2Tyler Seguin140400%0:00 Connor CliftonJosh Manson122400%0:00
4 vs 4 Forward
Line #CenterWingPHYDFOFWanted %Time %Time Play
1Troy TerryDavid Perron023600%0:00
2Matt DucheneTom Wilson023400%0:00
4 vs 4 Defense
Line #DefensePHYDFOFWanted %Time %Time Play
1Josh MansonErik Cernak023500%0:00
2Nicolas HagueBrenden Dillon023500%0:00
Last Minutes Offensive
Left WingCenterRight WingDefenseDefense
Troy TerryMatt DucheneTyler SeguinBrenden DillonJosh Manson
Last Minutes Defensive
Left WingCenterRight WingDefenseDefense
Troy TerryMatt DucheneTyler SeguinBrenden DillonJosh Manson
Time
Total ForwardTotal DefenseLast Minutes OffensiveLast Minutes Defensive
60:00 60:00 0:000:00
Extra Forwards
Normal PowerPlayPenalty Kill
Brett Howden, Matt Duchene, Dillon DubeBrett Howden, Matt DucheneDillon Dube
Extra Defensemen
Normal PowerPlayPenalty Kill
Josh Manson, Erik Cernak, Connor CliftonJosh Manson, Erik CernakConnor Clifton
Penalty Shots
Matt Duchene, Dillon Dube, Tyler Seguin, Troy Terry, David Perron
Goalie
Filip Gustavsson, Logan Thompson
Custom OT Lines Forwards
Troy Terry, Matt Duchene, Tyler Seguin, Tom Wilson, David Perron, Brandon Saad, Brett Howden, Dillon Dube, Andreas Athanasiou, Vladislav Namestnikov
Custom OT Lines Defensemen
Brenden Dillon, Erik Cernak, Nicolas Hague, Connor Murphy, Connor Clifton
Scratches
Adam Gaudette (Healthy)

Kings

5 vs 5 Forward
Line #Left WingCenterRight WingPHYDFOFWanted %Time %Time Play
1Alex OvechkinTomas HertlArtemi Panarin0143835%18:26
2Tage ThompsonJeff CarterJordan Eberle0233230%15:24
3Milan LucicSean KuralyChristian Fischer1132221%10:43
4Anthony RichardJayson MegnaCarl Grundstrom122814%7:23
5 vs 5 Defense
Line #DefenseDefensePHYDFOFWanted %Time %Time Play
1Jonas BrodinBrian Dumoulin1314040%20:48
2Alex GoligoskiOlli Maatta1313536%18:31
3Trevor van RiemsdykJoshua Brown1402524%12:37
4Jonas BrodinBrian Dumoulin12200%0:00
Power Play Forward
Line #Left WingCenterRight WingPHYDFOFWanted %Time %Time Play
1Alex OvechkinTomas HertlArtemi Panarin0056061%1:16
2Tage ThompsonJeff CarterJordan Eberle0054039%0:49
Power Play Defense
Line #DefenseDefensePHYDFOFWanted %Time %Time Play
1Jonas BrodinBrian Dumoulin0146065%1:21
2Alex GoligoskiOlli Maatta0144035%0:44
Penalty Kill 4 Players Forward
Line #CenterWingPHYDFOFWanted %Time %Time Play
1Sean KuralyChristian Fischer1406071%4:15
2Jeff CarterJayson Megna1404029%1:44
Penalty Kill 4 Players Defense
Line #DefenseDefensePHYDFOFWanted %Time %Time Play
1Trevor van RiemsdykJonas Brodin1406074%4:27
2Alex GoligoskiOlli Maatta1404026%1:32
Penalty Kill 3 Players
Line #WingPHYDFOFWanted %Time %Time PlayDefenseDefensePHYDFOFWanted %Time %Time Play
1Sean Kuraly140600%0:00 Jonas BrodinBrian Dumoulin140600%0:00
2Jeff Carter140400%0:00 Alex GoligoskiOlli Maatta140400%0:00
4 vs 4 Forward
Line #CenterWingPHYDFOFWanted %Time %Time Play
1Tomas HertlAlex Ovechkin014600%0:00
2Tage ThompsonJordan Eberle014400%0:00
4 vs 4 Defense
Line #DefensePHYDFOFWanted %Time %Time Play
1Jonas BrodinTrevor van Riemsdyk122600%0:00
2Alex GoligoskiOlli Maatta122400%0:00
Last Minutes Offensive
Left WingCenterRight WingDefenseDefense
Alex OvechkinTomas HertlArtemi PanarinJonas BrodinBrian Dumoulin
Last Minutes Defensive
Left WingCenterRight WingDefenseDefense
Sean KuralyJeff CarterJayson MegnaJonas BrodinBrian Dumoulin
Time
Total ForwardTotal DefenseLast Minutes OffensiveLast Minutes Defensive
60:00 60:00 0:000:00
Extra Forwards
Normal PowerPlayPenalty Kill
Carl Grundstrom, Tomas Hertl, Jeff CarterTomas Hertl, Carl GrundstromTomas Hertl
Extra Defensemen
Normal PowerPlayPenalty Kill
Trevor van Riemsdyk, Jonas Brodin, Olli MaattaTrevor van Riemsdyk, Alex GoligoskiJonas Brodin
Penalty Shots
Tage Thompson, Jeff Carter, Tomas Hertl, Alex Ovechkin, Carl Grundstrom
Goalie
Martin Jones, Alexandar Georgiev
Custom OT Lines Forwards
Alex Ovechkin, Artemi Panarin, Tomas Hertl, Carl Grundstrom, Jeff Carter, Tage Thompson, Sean Kuraly, Jordan Eberle, Christian Fischer, Milan Lucic
Custom OT Lines Defensemen
Jonas Brodin, Alex Goligoski, Brian Dumoulin, Olli Maatta, Trevor van Riemsdyk
Scratches
Rudolfs Balcers (Healthy), Matt Irwin (Healthy)


Play-by-Play

1st period


0:01 of 1st period - Tyler Seguin wins face-off versus Artemi Panarin in neutral zone.
0:35 of 1st period - Snap shot by Andreas Athanasiou.
0:35 of 1st period - Stopped by Martin Jones without a rebound.
0:36 of 1st period - Jeff Carter wins face-off versus David Krejci in Kings zone.
0:43 of 1st period - Troy Terry is hit by Alex Goligoski and loses puck.
1:11 of 1st period - Snap shot by Dillon Dube.
1:11 of 1st period - Stopped by Martin Jones without a rebound.
1:12 of 1st period - Jayson Megna wins face-off versus Tyler Seguin in Kings zone.
1:12 of 1st period - Jayson Megna is hit by Nikita Kucherov.
1:28 of 1st period - Joshua Brown is hit by Erik Cernak and loses puck.
2:08 of 1st period - Icing by Joshua Brown.
2:09 of 1st period - David Krejci wins face-off versus Jeff Carter in Kings zone.
2:17 of 1st period - Off-side.
2:18 of 1st period - David Krejci wins face-off versus Alex Ovechkin in neutral zone.
3:24 of 1st period - Wrist shot by Tom Wilson.
3:24 of 1st period - Shot Blocked by Olli Maatta.
3:26 of 1st period - Slapshot by Josh Manson.
3:26 of 1st period - Shot Misses the Net.
3:30 of 1st period - Snap shot by Tom Wilson.
3:30 of 1st period - Stopped by Martin Jones with a rebound.
3:32 of 1st period - Slapshot by Josh Manson.
3:32 of 1st period - Stopped by Martin Jones with a rebound.
3:34 of 1st period - Slapshot by Brenden Dillon.
3:34 of 1st period - Shot Misses the Net.
3:36 of 1st period - Wrist shot by Brenden Dillon.
3:36 of 1st period - Shot Misses the Net.
5:08 of 1st period - Anthony Richard is hit by Brett Howden and loses puck.
5:23 of 1st period - Anthony Richard is hit by Connor Murphy and loses puck.
5:55 of 1st period - Wrist shot by Sean Kuraly.
5:55 of 1st period - Shot Misses the Net.
5:57 of 1st period - Slapshot by Olli Maatta.
5:57 of 1st period - Stopped by Filip Gustavsson without a rebound.
5:58 of 1st period - Tomas Hertl wins face-off versus Tyler Seguin in Blue Jackets zone.
6:36 of 1st period - Jonas Brodin is hit by Josh Manson and loses puck.
6:47 of 1st period - Snap shot by Dillon Dube.
6:47 of 1st period - Stopped by Martin Jones with a rebound.
6:49 of 1st period - Backhand shot by Connor Clifton.
6:49 of 1st period - Shot Misses the Net.
6:51 of 1st period - Wrist shot by Vladislav Namestnikov.
6:51 of 1st period - Shot Blocked by Jonas Brodin.
7:11 of 1st period - Snap shot by Christian Fischer.
7:11 of 1st period - Shot Blocked by Connor Clifton.
7:33 of 1st period - Backhand shot by Matt Duchene.
7:33 of 1st period - Stopped by Martin Jones with a rebound.
7:51 of 1st period - Snap shot by David Perron.
7:51 of 1st period - Shot Blocked by Alex Goligoski.
8:34 of 1st period - Snap shot by Artemi Panarin.
8:34 of 1st period - Shot Blocked by Erik Cernak.
8:36 of 1st period - Wrist shot by Artemi Panarin.
8:36 of 1st period - Stopped by Filip Gustavsson without a rebound.
8:37 of 1st period - Tyler Seguin wins face-off versus Artemi Panarin in Blue Jackets zone.
9:04 of 1st period - Troy Terry is hit by Brian Dumoulin and loses puck.
9:31 of 1st period - Erik Cernak is hit by Alex Goligoski and loses puck.
9:52 of 1st period - Snap shot by Dillon Dube.
9:52 of 1st period - Shot Blocked by Anthony Richard.
10:16 of 1st period - Trevor van Riemsdyk is hit by Tyler Seguin.
10:20 of 1st period - Wrist shot by Anthony Richard.
10:20 of 1st period - Deflect By Carl Grundstrom.
10:20 of 1st period - Shot Hit the Post.
10:20 of 1st period - Puck is out of play.
10:21 of 1st period - David Krejci wins face-off versus Tomas Hertl in Blue Jackets zone.
10:32 of 1st period - Snap shot by David Perron.
10:32 of 1st period - Shot Misses the Net.
10:48 of 1st period - Jeff Carter is hit by Brenden Dillon.
10:55 of 1st period - Off-side.
10:56 of 1st period - Jeff Carter wins face-off versus Tyler Seguin in neutral zone.
11:13 of 1st period - Jordan Eberle is hit by Nikita Kucherov and loses puck.
11:36 of 1st period - Wrist shot by David Perron.
11:36 of 1st period - Stopped by Martin Jones with a rebound.
11:54 of 1st period - Wrist shot by Alex Ovechkin.
11:54 of 1st period - Shot Blocked by Connor Clifton.
11:56 of 1st period - Wrist shot by Jonas Brodin.
11:56 of 1st period - Shot Blocked by David Krejci.
11:58 of 1st period - Slapshot by Jonas Brodin.
11:58 of 1st period - Shot Blocked by Connor Clifton.
12:06 of 1st period - Snap shot by Artemi Panarin.
12:06 of 1st period - Shot Blocked by Troy Terry.
12:08 of 1st period - Slapshot by Brian Dumoulin.
12:08 of 1st period - Shot Misses the Net.
12:16 of 1st period - Snap shot by Artemi Panarin.
12:16 of 1st period - Stopped by Filip Gustavsson with a rebound.
12:18 of 1st period - Slapshot by Tomas Hertl.
12:18 of 1st period - Stopped by Filip Gustavsson with a rebound.
12:20 of 1st period - Slapshot by Jonas Brodin.
12:20 of 1st period - Shot Misses the Net.
12:43 of 1st period - Slapshot by Brian Dumoulin.
12:43 of 1st period - Stopped by Filip Gustavsson without a rebound.
12:44 of 1st period - Tyler Seguin wins face-off versus Jeff Carter in Blue Jackets zone.
12:57 of 1st period - Wrist shot by Tyler Seguin.
12:57 of 1st period - Shot Misses the Net.
12:59 of 1st period - Snap shot by Josh Manson.
12:59 of 1st period - Goal by Josh Manson - Blue Jackets : 1 - Kings : 0.
13:00 of 1st period - Tyler Seguin wins face-off versus Jeff Carter in neutral zone.
13:57 of 1st period - Jonas Brodin is hit by Brett Howden.
14:18 of 1st period - Josh Manson is hit by Jonas Brodin and loses puck.
14:27 of 1st period - Wrist shot by David Perron.
14:27 of 1st period - Stopped by Martin Jones with a rebound.
14:37 of 1st period - Jonas Brodin is hit by Josh Manson and loses puck.
15:02 of 1st period - Wrist shot by Carl Grundstrom.
15:02 of 1st period - Shot Blocked by Nicolas Hague.
15:49 of 1st period - Backhand shot by Matt Duchene.
15:49 of 1st period - Stopped by Martin Jones with a rebound.
16:58 of 1st period - Snap shot by Matt Duchene.
16:58 of 1st period - Stopped by Martin Jones without a rebound.
16:59 of 1st period - David Perron wins face-off versus Tomas Hertl in Kings zone.
17:14 of 1st period - Backhand shot by David Perron.
17:14 of 1st period - Stopped by Martin Jones with a rebound.
17:24 of 1st period - Slapshot by Dillon Dube.
17:24 of 1st period - Shot Blocked by Jonas Brodin.
17:56 of 1st period - Wrist shot by Tage Thompson.
17:56 of 1st period - Shot Blocked by Connor Murphy.
18:16 of 1st period - Snap shot by Christian Fischer.
18:16 of 1st period - Deflect By David Perron.
18:16 of 1st period - Stopped by Filip Gustavsson with a rebound.
18:26 of 1st period - Wrist shot by Dillon Dube.
18:26 of 1st period - Deflect By Trevor van Riemsdyk.
18:26 of 1st period - Stopped by Martin Jones with a rebound.
18:28 of 1st period - Slapshot by Erik Cernak.
18:28 of 1st period - Shot Blocked by Carl Grundstrom.
18:30 of 1st period - Slapshot by Connor Murphy.
18:30 of 1st period - Deflect By Brett Howden.
18:30 of 1st period - Stopped by Martin Jones without a rebound.
18:31 of 1st period - Jeff Carter wins face-off versus Dillon Dube in Kings zone.
19:00 of 1st period - Off-side.
19:01 of 1st period - David Krejci wins face-off versus Tomas Hertl in neutral zone.
19:13 of 1st period - Icing by Josh Manson.
19:14 of 1st period - Tomas Hertl wins face-off versus David Perron in Blue Jackets zone.
19:19 of 1st period - Wrist shot by Tomas Hertl.
19:19 of 1st period - Shot Misses the Net.
19:21 of 1st period - Slapshot by Olli Maatta.
19:21 of 1st period - Shot Blocked by Brenden Dillon.
19:23 of 1st period - Wrist shot by Tomas Hertl.
19:23 of 1st period - Shot Blocked by David Perron.
19:25 of 1st period - Snap shot by Artemi Panarin.
19:25 of 1st period - Stopped by Filip Gustavsson without a rebound.
19:26 of 1st period - Tyler Seguin wins face-off versus Jeff Carter in Blue Jackets zone.
19:37 of 1st period - Snap shot by Nikita Kucherov.
19:37 of 1st period - Shot Misses the Net.
Goals for this period are 1 for Blue Jackets vs 0 for Kings.
Shots for this period are 14 for Blue Jackets vs 7 for Kings.

2nd period


0:01 of 2nd period - Tyler Seguin wins face-off versus Tomas Hertl in neutral zone.
0:06 of 2nd period - Snap shot by Matt Duchene.
0:06 of 2nd period - Shot Misses the Net.
0:26 of 2nd period - Alex Ovechkin is hit by Brandon Saad and loses puck.
0:35 of 2nd period - Slapshot by Brandon Saad.
0:35 of 2nd period - Shot Misses the Net.
0:37 of 2nd period - Slapshot by Connor Murphy.
0:37 of 2nd period - Stopped by Martin Jones with a rebound.
0:39 of 2nd period - Snap shot by Andreas Athanasiou.
0:39 of 2nd period - Shot Blocked by Alex Ovechkin.
0:53 of 2nd period - Wrist shot by Jeff Carter.
0:53 of 2nd period - Stopped by Filip Gustavsson without a rebound.
0:54 of 2nd period - Tyler Seguin wins face-off versus Jeff Carter in Blue Jackets zone.
1:11 of 2nd period - Snap shot by Tage Thompson.
1:11 of 2nd period - Shot Misses the Net.
1:13 of 2nd period - Wrist shot by Alex Goligoski.
1:13 of 2nd period - Shot Blocked by Matt Duchene.
1:15 of 2nd period - Wrist shot by Jeff Carter.
1:15 of 2nd period - Shot Misses the Net.
1:25 of 2nd period - Snap shot by Jordan Eberle.
1:25 of 2nd period - Shot Misses the Net.
1:27 of 2nd period - Slapshot by Joshua Brown.
1:27 of 2nd period - Shot Misses the Net.
1:29 of 2nd period - Snap shot by Jeff Carter.
1:29 of 2nd period - Stopped by Filip Gustavsson with a rebound.
1:55 of 2nd period - Snap shot by Matt Duchene.
1:55 of 2nd period - Shot Blocked by Joshua Brown.
2:01 of 2nd period - Backhand shot by Nikita Kucherov.
2:01 of 2nd period - Stopped by Martin Jones without a rebound.
2:02 of 2nd period - David Krejci wins face-off versus Tomas Hertl in Kings zone.
2:15 of 2nd period - Slapshot by Artemi Panarin.
2:15 of 2nd period - Shot Misses the Net.
2:17 of 2nd period - Slapshot by Alex Goligoski.
2:17 of 2nd period - Stopped by Filip Gustavsson with a rebound.
2:19 of 2nd period - Slapshot by Olli Maatta.
2:19 of 2nd period - Stopped by Filip Gustavsson without a rebound.
2:20 of 2nd period - Andreas Athanasiou wins face-off versus Sean Kuraly in Blue Jackets zone.
2:33 of 2nd period - Slapshot by Andreas Athanasiou.
2:33 of 2nd period - Shot Blocked by Christian Fischer.
2:35 of 2nd period - Snap shot by Tom Wilson.
2:35 of 2nd period - Shot Misses the Net.
2:41 of 2nd period - Minor Penalty to Jonas Brodin for Roughing.
2:42 of 2nd period - Sean Kuraly wins face-off versus David Perron in Kings zone.
4:41 of 2nd period - Penalty to Jonas Brodin is over, Jonas Brodin is back on ice.
4:47 of 2nd period - Tomas Hertl is hit by Andreas Athanasiou and loses puck.
6:09 of 2nd period - Tyler Seguin is hit by Joshua Brown and loses puck.
6:22 of 2nd period - Nicolas Hague is hit by Jonas Brodin.
6:26 of 2nd period - Slapshot by Christian Fischer.
6:26 of 2nd period - Stopped by Filip Gustavsson with a rebound.
7:07 of 2nd period - Troy Terry is hit by Carl Grundstrom and loses puck.
7:18 of 2nd period - Connor Murphy is hit by Joshua Brown and loses puck.
7:25 of 2nd period - Wrist shot by Sean Kuraly.
7:25 of 2nd period - Shot Misses the Net.
7:27 of 2nd period - Snap shot by Christian Fischer.
7:27 of 2nd period - Shot Misses the Net.
7:37 of 2nd period - Erik Cernak is hit by Jordan Eberle and loses puck.
7:57 of 2nd period - Brett Howden is hit by Alex Ovechkin and loses puck.
8:06 of 2nd period - Artemi Panarin is hit by Brett Howden and loses puck.
8:45 of 2nd period - David Perron is hit by Sean Kuraly.
9:01 of 2nd period - Slapshot by Carl Grundstrom.
9:01 of 2nd period - Shot Misses the Net.
9:19 of 2nd period - Erik Cernak is hit by Jonas Brodin and loses puck.
9:51 of 2nd period - Tomas Hertl is hit by Tom Wilson and loses puck.
10:22 of 2nd period - Erik Cernak is hit by Jordan Eberle and loses puck.
10:48 of 2nd period - Minor Penalty to Carl Grundstrom for Slashing.
10:49 of 2nd period - Tyler Seguin wins face-off versus Sean Kuraly in Kings zone.
10:58 of 2nd period - Snap shot by Nikita Kucherov.
10:58 of 2nd period - Stopped by Martin Jones with a rebound.
11:00 of 2nd period - Wrist shot by Connor Murphy.
11:00 of 2nd period - Deflect By Jonas Brodin.
11:00 of 2nd period - Stopped by Martin Jones without a rebound.
11:01 of 2nd period - Sean Kuraly wins face-off versus Nikita Kucherov in Kings zone.
11:12 of 2nd period - Slapshot by Olli Maatta.
11:12 of 2nd period - Shot Misses the Net.
11:14 of 2nd period - Slapshot by Sean Kuraly.
11:14 of 2nd period - Shot Misses the Net.
11:16 of 2nd period - Wrist shot by Sean Kuraly.
11:16 of 2nd period - Stopped by Filip Gustavsson with a rebound.
11:38 of 2nd period - Slapshot by Matt Duchene.
11:38 of 2nd period - Stopped by Martin Jones with a rebound.
12:06 of 2nd period - Snap shot by Alex Ovechkin.
12:06 of 2nd period - Stopped by Filip Gustavsson with a rebound.
12:08 of 2nd period - Slapshot by Alex Ovechkin.
12:08 of 2nd period - Stopped by Filip Gustavsson without a rebound.
12:09 of 2nd period - Tyler Seguin wins face-off versus Sean Kuraly in Blue Jackets zone.
12:45 of 2nd period - Backhand shot by Troy Terry.
12:45 of 2nd period - Goal by Troy Terry - Blue Jackets : 2 - Kings : 0.
12:46 of 2nd period - Tyler Seguin wins face-off versus Artemi Panarin in neutral zone.
13:01 of 2nd period - Wrist shot by Tomas Hertl.
13:01 of 2nd period - Shot Blocked by Nikita Kucherov.
13:03 of 2nd period - Slapshot by Tomas Hertl.
13:03 of 2nd period - Stopped by Filip Gustavsson without a rebound.
13:04 of 2nd period - David Krejci wins face-off versus Jeff Carter in Blue Jackets zone.
13:15 of 2nd period - Snap shot by David Krejci.
13:15 of 2nd period - Stopped by Martin Jones with a rebound.
13:29 of 2nd period - Troy Terry is hit by Christian Fischer and loses puck.
13:36 of 2nd period - Wrist shot by Troy Terry.
13:36 of 2nd period - Deflect By David Krejci.
13:36 of 2nd period - Shot Misses the Net.
13:36 of 2nd period - Puck is out of play.
13:37 of 2nd period - Tyler Seguin wins face-off versus Tomas Hertl in Kings zone.
13:40 of 2nd period - Snap shot by Nikita Kucherov.
13:40 of 2nd period - Shot Blocked by Tomas Hertl.
13:54 of 2nd period - Snap shot by Artemi Panarin.
13:54 of 2nd period - Shot Misses the Net.
14:04 of 2nd period - Matt Duchene is hit by Sean Kuraly and loses puck.
14:13 of 2nd period - Slapshot by Sean Kuraly.
14:13 of 2nd period - Goal by Sean Kuraly - Blue Jackets : 2 - Kings : 1.
14:14 of 2nd period - David Krejci wins face-off versus Tomas Hertl in neutral zone.
14:20 of 2nd period - Minor Penalty to Alex Ovechkin for High sticking.
14:21 of 2nd period - Sean Kuraly wins face-off versus Tyler Seguin in Kings zone.
14:28 of 2nd period - Off-side.
14:29 of 2nd period - Sean Kuraly wins face-off versus Tyler Seguin in neutral zone.
14:38 of 2nd period - Jonas Brodin is hit by Nikita Kucherov.
15:27 of 2nd period - Snap shot by Nikita Kucherov.
15:27 of 2nd period - Goal by Nikita Kucherov - Blue Jackets : 3 - Kings : 1.
15:28 of 2nd period - Tomas Hertl wins face-off versus Andreas Athanasiou in neutral zone.
15:33 of 2nd period - Tom Wilson is hit by Alex Ovechkin.
15:44 of 2nd period - Slapshot by Erik Cernak.
15:44 of 2nd period - Shot Misses the Net.
16:56 of 2nd period - Slapshot by Erik Cernak.
16:56 of 2nd period - Stopped by Martin Jones with a rebound.
16:58 of 2nd period - Wrist shot by Dillon Dube.
16:58 of 2nd period - Stopped by Martin Jones with a rebound.
17:00 of 2nd period - Snap shot by Vladislav Namestnikov.
17:00 of 2nd period - Stopped by Martin Jones with a rebound.
17:22 of 2nd period - Snap shot by Jordan Eberle.
17:22 of 2nd period - Shot Misses the Net.
17:38 of 2nd period - Wrist shot by Vladislav Namestnikov.
17:38 of 2nd period - Shot Blocked by Joshua Brown.
17:40 of 2nd period - Wrist shot by Dillon Dube.
17:40 of 2nd period - Shot Misses the Net.
17:45 of 2nd period - Icing by Jordan Eberle.
17:46 of 2nd period - Tyler Seguin wins face-off versus Jeff Carter in Kings zone.
18:21 of 2nd period - Wrist shot by David Perron.
18:21 of 2nd period - Shot Misses the Net.
18:23 of 2nd period - Backhand shot by David Krejci.
18:23 of 2nd period - Stopped by Martin Jones with a rebound.
18:25 of 2nd period - Snap shot by David Krejci.
18:25 of 2nd period - Stopped by Martin Jones with a rebound.
18:39 of 2nd period - Snap shot by Tom Wilson.
18:39 of 2nd period - Deflect By Andreas Athanasiou.
18:39 of 2nd period - Shot Misses the Net.
18:39 of 2nd period - Puck is out of play.
18:40 of 2nd period - Andreas Athanasiou wins face-off versus Sean Kuraly in Kings zone.
18:41 of 2nd period - Wrist shot by Brandon Saad.
18:41 of 2nd period - Shot Blocked by Brian Dumoulin.
18:50 of 2nd period - Icing by Christian Fischer.
18:51 of 2nd period - Sean Kuraly wins face-off versus Tyler Seguin in Kings zone.
19:02 of 2nd period - Slapshot by Christian Fischer.
19:02 of 2nd period - Shot Misses the Net.
19:04 of 2nd period - Snap shot by Sean Kuraly.
19:04 of 2nd period - Goal by Sean Kuraly - Blue Jackets : 3 - Kings : 2.
19:05 of 2nd period - Tyler Seguin wins face-off versus Tomas Hertl in neutral zone.
19:16 of 2nd period - Minor Penalty to Jonas Brodin for Slashing.
19:17 of 2nd period - Sean Kuraly wins face-off versus Tyler Seguin in Kings zone.
19:25 of 2nd period - Trevor van Riemsdyk is hit by David Perron and loses puck.
Goals for this period are 2 for Blue Jackets vs 2 for Kings.
Shots for this period are 13 for Blue Jackets vs 11 for Kings.

3rd period


0:01 of 3rd period - Tyler Seguin wins face-off versus Sean Kuraly in neutral zone.
0:04 of 3rd period - Christian Fischer is hit by Connor Clifton and loses puck.
0:12 of 3rd period - Wrist shot by Nikita Kucherov.
0:12 of 3rd period - Goal by Nikita Kucherov - Blue Jackets : 4 - Kings : 2.
0:13 of 3rd period - David Krejci wins face-off versus Tomas Hertl in neutral zone.
0:47 of 3rd period - Slapshot by Tage Thompson.
0:47 of 3rd period - Shot Misses the Net.
0:49 of 3rd period - Snap shot by Tage Thompson.
0:49 of 3rd period - Shot Misses the Net.
0:51 of 3rd period - Snap shot by Jeff Carter.
0:51 of 3rd period - Stopped by Filip Gustavsson without a rebound.
0:52 of 3rd period - Sean Kuraly wins face-off versus Andreas Athanasiou in Blue Jackets zone.
0:59 of 3rd period - Snap shot by Andreas Athanasiou.
0:59 of 3rd period - Shot Blocked by Olli Maatta.
1:01 of 3rd period - Snap shot by Connor Clifton.
1:01 of 3rd period - Shot Misses the Net.
1:03 of 3rd period - Snap shot by Brandon Saad.
1:03 of 3rd period - Deflect By Andreas Athanasiou.
1:03 of 3rd period - Shot Blocked by Olli Maatta.
1:03 of 3rd period - Puck is out of play.
1:04 of 3rd period - David Krejci wins face-off versus Artemi Panarin in Kings zone.
2:29 of 3rd period - Slapshot by Tage Thompson.
2:29 of 3rd period - Stopped by Filip Gustavsson with a rebound.
2:31 of 3rd period - Wrist shot by Tage Thompson.
2:31 of 3rd period - Stopped by Filip Gustavsson with a rebound.
2:33 of 3rd period - Wrist shot by Jeff Carter.
2:33 of 3rd period - Shot Blocked by Connor Clifton.
2:37 of 3rd period - Wrist shot by Tage Thompson.
2:37 of 3rd period - Shot Blocked by Vladislav Namestnikov.
2:39 of 3rd period - Slapshot by Jeff Carter.
2:39 of 3rd period - Stopped by Filip Gustavsson without a rebound.
2:40 of 3rd period - Tomas Hertl wins face-off versus Tyler Seguin in Blue Jackets zone.
2:47 of 3rd period - Backhand shot by Alex Ovechkin.
2:47 of 3rd period - Stopped by Filip Gustavsson with a rebound.
3:03 of 3rd period - Icing by Olli Maatta.
3:04 of 3rd period - Sean Kuraly wins face-off versus David Krejci in Kings zone.
3:29 of 3rd period - Joshua Brown is hit by Brenden Dillon and loses puck.
4:10 of 3rd period - Wrist shot by Vladislav Namestnikov.
4:10 of 3rd period - Stopped by Martin Jones with a rebound.
4:12 of 3rd period - Backhand shot by Brenden Dillon.
4:12 of 3rd period - Deflect By Alex Goligoski.
4:12 of 3rd period - Goal by Brenden Dillon - Blue Jackets : 5 - Kings : 2.
4:13 of 3rd period - Tomas Hertl wins face-off versus David Krejci in neutral zone.
4:38 of 3rd period - Icing by Tage Thompson.
4:39 of 3rd period - Tyler Seguin wins face-off versus Jeff Carter in Kings zone.
5:26 of 3rd period - Wrist shot by Troy Terry.
5:26 of 3rd period - Shot Misses the Net.
5:28 of 3rd period - Slapshot by Erik Cernak.
5:28 of 3rd period - Stopped by Martin Jones with a rebound.
5:30 of 3rd period - Snap shot by David Perron.
5:30 of 3rd period - Stopped by Martin Jones without a rebound.
5:31 of 3rd period - Tyler Seguin wins face-off versus Tomas Hertl in Kings zone.
5:42 of 3rd period - Slapshot by Artemi Panarin.
5:42 of 3rd period - Stopped by Filip Gustavsson with a rebound.
7:28 of 3rd period - Wrist shot by Artemi Panarin.
7:28 of 3rd period - Deflect By Jordan Eberle.
7:28 of 3rd period - Stopped by Filip Gustavsson without a rebound.
7:29 of 3rd period - Jeff Carter wins face-off versus Troy Terry in Blue Jackets zone.
7:30 of 3rd period - Slapshot by Tage Thompson.
7:30 of 3rd period - Stopped by Filip Gustavsson with a rebound.
7:45 of 3rd period - Off-side.
7:46 of 3rd period - Tyler Seguin wins face-off versus Tomas Hertl in neutral zone.
7:51 of 3rd period - Artemi Panarin is hit by Brenden Dillon and loses puck.
7:56 of 3rd period - Snap shot by Matt Duchene.
7:56 of 3rd period - Stopped by Martin Jones without a rebound.
7:57 of 3rd period - Tomas Hertl wins face-off versus David Krejci in Kings zone.
8:24 of 3rd period - Jordan Eberle is hit by Brenden Dillon and loses puck.
8:53 of 3rd period - Christian Fischer is hit by Tom Wilson and loses puck.
9:56 of 3rd period - Backhand shot by Jordan Eberle.
9:56 of 3rd period - Shot Misses the Net.
9:58 of 3rd period - Wrist shot by Tage Thompson.
9:58 of 3rd period - Shot Blocked by Erik Cernak.
10:00 of 3rd period - Slapshot by Jordan Eberle.
10:00 of 3rd period - Stopped by Filip Gustavsson with a rebound.
10:02 of 3rd period - Slapshot by Olli Maatta.
10:02 of 3rd period - Shot Blocked by Erik Cernak.
10:04 of 3rd period - Wrist shot by Jeff Carter.
10:04 of 3rd period - Shot Misses the Net.
10:10 of 3rd period - Minor Penalty to Erik Cernak for Tripping.
10:11 of 3rd period - Andreas Athanasiou wins face-off versus Alex Ovechkin in Blue Jackets zone.
10:16 of 3rd period - Snap shot by Alex Ovechkin.
10:16 of 3rd period - Goal by Alex Ovechkin - Blue Jackets : 5 - Kings : 3.
10:17 of 3rd period - Tomas Hertl wins face-off versus Tyler Seguin in neutral zone.
11:14 of 3rd period - Slapshot by Milan Lucic.
11:14 of 3rd period - Shot Blocked by Erik Cernak.
11:16 of 3rd period - Wrist shot by Sean Kuraly.
11:16 of 3rd period - Shot Blocked by Erik Cernak.
11:35 of 3rd period - Slapshot by Carl Grundstrom.
11:35 of 3rd period - Stopped by Filip Gustavsson without a rebound.
11:36 of 3rd period - Tomas Hertl wins face-off versus Tyler Seguin in Blue Jackets zone.
11:42 of 3rd period - Minor Penalty to Nicolas Hague for Roughing.
11:43 of 3rd period - Alex Ovechkin wins face-off versus Andreas Athanasiou in Blue Jackets zone.
11:43 of 3rd period - Snap shot by Artemi Panarin.
11:43 of 3rd period - Shot Blocked by Brenden Dillon.
11:45 of 3rd period - Backhand shot by Jonas Brodin.
11:45 of 3rd period - Shot Blocked by Erik Cernak.
11:47 of 3rd period - Slapshot by Tomas Hertl.
11:47 of 3rd period - Shot Misses the Net.
11:55 of 3rd period - Wrist shot by Alex Ovechkin.
11:55 of 3rd period - Shot Misses the Net.
11:57 of 3rd period - Slapshot by Jonas Brodin.
11:57 of 3rd period - Stopped by Filip Gustavsson without a rebound.
11:58 of 3rd period - Tomas Hertl wins face-off versus Andreas Athanasiou in Blue Jackets zone.
13:18 of 3rd period - Jonas Brodin is hit by Brenden Dillon and loses puck.
13:42 of 3rd period - Penalty to Nicolas Hague is over, Nicolas Hague is back on ice.
13:58 of 3rd period - Wrist shot by Jayson Megna.
13:58 of 3rd period - Stopped by Filip Gustavsson with a rebound.
14:00 of 3rd period - Snap shot by Carl Grundstrom.
14:00 of 3rd period - Stopped by Filip Gustavsson with a rebound.
14:02 of 3rd period - Wrist shot by Jayson Megna.
14:02 of 3rd period - Shot Misses the Net.
14:04 of 3rd period - Backhand shot by Carl Grundstrom.
14:04 of 3rd period - Shot Misses the Net.
14:11 of 3rd period - Icing by Nicolas Hague.
14:12 of 3rd period - David Krejci wins face-off versus Sean Kuraly in Blue Jackets zone.
14:52 of 3rd period - Wrist shot by Sean Kuraly.
14:52 of 3rd period - Shot Misses the Net.
15:14 of 3rd period - Snap shot by Tom Wilson.
15:14 of 3rd period - Shot Blocked by Artemi Panarin.
15:49 of 3rd period - Snap shot by Anthony Richard.
15:49 of 3rd period - Shot Misses the Net.
15:51 of 3rd period - Slapshot by Jonas Brodin.
15:51 of 3rd period - Shot Misses the Net.
15:53 of 3rd period - Wrist shot by Jonas Brodin.
15:53 of 3rd period - Stopped by Filip Gustavsson without a rebound.
15:54 of 3rd period - Tomas Hertl wins face-off versus Andreas Athanasiou in Blue Jackets zone.
16:21 of 3rd period - Brenden Dillon is hit by Jordan Eberle and loses puck.
16:39 of 3rd period - Snap shot by Troy Terry.
16:39 of 3rd period - Stopped by Martin Jones with a rebound.
16:42 of 3rd period - Icing by Olli Maatta.
16:43 of 3rd period - David Krejci wins face-off versus Sean Kuraly in Kings zone.
17:43 of 3rd period - Snap shot by Tyler Seguin.
17:43 of 3rd period - Shot Misses the Net.
17:53 of 3rd period - Erik Cernak is hit by Artemi Panarin and loses puck.
18:30 of 3rd period - Matt Duchene is hit by Tage Thompson.
18:50 of 3rd period - Slapshot by Josh Manson.
18:50 of 3rd period - Shot Misses the Net.
19:00 of 3rd period - Slapshot by Brandon Saad.
19:00 of 3rd period - Stopped by Martin Jones with a rebound.
19:47 of 3rd period - Snap shot by Dillon Dube.
19:47 of 3rd period - Shot Misses the Net.
19:53 of 3rd period - Snap shot by David Perron.
19:53 of 3rd period - Goal by David Perron - Blue Jackets : 6 - Kings : 3.
19:54 of 3rd period - Tomas Hertl wins face-off versus David Krejci in neutral zone.
Goals for this period are 3 for Blue Jackets vs 1 for Kings.
Shots for this period are 9 for Blue Jackets vs 15 for Kings.




Output by the SimonT Hockey Simulator (STHS) for Eric Tremblay - Original Page W3C HTML5 Valid
Hockey Simulator - Hockey Simulation - Hockey Manager